 Dungeon Crawl Stone Soup version 0.31-a0-161-gb58dd9be76 (webtiles) character file.

Game seed: 14176044649139608237

1067 kae the Changer (level 8, -1/70 HPs)
             Began as a Yellow Draconian Transmuter on June 12, 2023.
             Was an Initiate of Ru.
             Slain by a killer bee (7 damage)
             ... on level 6 of the Dungeon.
             The game lasted 00:05:08 (5372 turns).

kae the Changer (Yellow Draconian Transmuter)       Turns: 5372, Time: 00:05:09

Health: -1/70      AC:  7    Str: 19    XL:     8   Next: 7%
Magic:  11/14      EV: 10    Int: 16    God:    Ru [......]
Gold:   261        SH:  0    Dex: 11    Spells: 6/16 levels left

rFire   x .          .
                       - Unarmed
rCold   + + +        (shield currently unavailable)
rNeg    . . .        (body armour unavailable)
rPois   +            (helmet currently unavailable)
rElec   .            (cloak currently unavailable)
rCorr   .            (gloves currently unavailable)
SInv    .            (boots currently unavailable)
Will    .....        (no amulet)
Stlth   +            S - +6 ring of strength
HPRegen 0.31/turn    P - ring of poison resistance
MPRegen 0.14/turn

%: no passive effects
@: lethally poisoned (-1 -> -4), ice-form, wereblooded
A: freezing attack, amphibious, boosted hp, (spit acid), AC +6, large, unfitting
armour, (cold-blooded), (acid resistance)
a: End Transformation, Renounce Religion


You were on level 6 of the Dungeon.
You worshipped Ru.
Ru was noncommittal.
You were a creature of crystalline ice.
You visited 2 branches of the dungeon, and saw 7 of its levels.

You collected 261 gold pieces.


Innate Abilities, Weirdness & Mutations

You are a creature of crystalline ice.
You have a powerful freezing melee attack.
You are amphibious.
Your maximum health is increased.
Your armour is entirely melded.
You are incapable of wielding weapons or throwing items.
((You can spit globs of acid.))
((Your golden yellow scales are hard. (AC +6)))
You cannot fit into any form of body armour.
((You are cold-blooded and may be slowed by cold attacks.))
((You are resistant to acid. (rCorr)))


   Skills:
 - Level 1.1 Fighting
 - Level 1.7 Dodging
 - Level 3.0 Unarmed Combat
 + Level 4.6 Spellcasting
 * Level 6.8 Transmutations
 * Level 4.0 Ice Magic
 - Level 2.0 Poison Magic


You had 6 spell levels left.
You knew the following spells:

 Your Spells              Type           Power      Damage    Failure   Level
a - Beastly Appendage     Tmut           50%        N/A       1%          1
b - Wereblood             Tmut           25%        N/A       1%          2
c - Spider Form           Tmut/Pois      17%        N/A       8%          3
d - Ice Form              Ice/Tmut       21%        N/A       17%         4

Your spell library contained the following spells:

 Spells                   Type           Power      Damage    Failure   Level
 Magic Dart               Conj           12%        1d3       16%         1
 Searing Ray              Conj           6%         2d4       24%         2
 Fulminant Prism          Conj/Hex       1%         3d5       85%         4

Inventory:

Missiles
 b - 40 stones
 c - 5 javelins
 d - a throwing net {=f!f}
 g - 5 boomerangs
 h - 5 poisoned darts
Armour
 o - a +0 cloak
   (You found it on level 5 of the Dungeon)
Jewellery
 F - a ring of fire
   (You found it on level 1 of the Dungeon)
 P - a ring of poison resistance (right front paw)
   (You found it on level 3 of the Dungeon)
 S - a +6 ring of strength (left front paw)
   (You found it on level 1 of the Dungeon)
Wands
 n - a wand of light (18)
   (You found it on level 3 of the Dungeon)
Scrolls
 k - 2 scrolls of enchant armour
 l - 2 scrolls of identify {@r1}
 m - a scroll of butterflies
 p - 2 scrolls of teleportation {@r4}
 r - a scroll of poison
Potions
 a - a potion of lignification {!q}
 e - 2 potions of degeneration {!q}
 f - a potion of brilliance
 i - a potion of mutation {!q}
 j - a potion of resistance
 q - 2 potions of invisibility

Dungeon Overview and Level Annotations

Branches:
Dungeon (6/15) Zot: 26622  Temple (1/1) D:4 Zot: 5949

Altars:
Ashenzari
Dithmenos
Elyvilon
Fedhas
Gozag
Hepliaklqana
Kikubaaqudgha
Makhleb
Nemelex Xobeh
Okawaru
Qazlal
Ru
Sif Muna
Trog
Uskayaw
Vehumet
Wu Jian
Xom
Yredelemnul
Zin
The Shining One

Shops:
D:4 *[

Annotations:
D:3 2 transporters, eyesofgods1's ghost, amateur DjFi

####....#
#.........
#....)).###
#.........
.######...##
#......... ##
###..###.........
##..##.........
###.#.........
##.........#
##..##### ##.Y###
###yy## ##h.##
##..####### ..
##...#...##..
###...........#
####
##..............
...###
##<..............
.....#
#.............#


You could see a hound and 2 killer bees.


Message History

The killer bee stings you.
You are poisoned.
The killer bee poisons you! 😕 HP[-3]
You take 3 damage, and now have 56/59 hp.
Unknown command.
Okay, then.
Casting: Ice Form (dangerous; 17% risk of failure)
Confirm with . or Enter, or press ? or * to list all spells.
You turn into a creature of crystalline ice.
The killer bee buzzes angrily.
You feel sick. The killer bee stings you. The killer bee barely misses you.
The killer bee stings you but does no damage.
The killer bee stings you.
You feel sick. The killer bee stings you.
The killer bee stings you but does no damage. x2
The killer bee closely misses you. 😕 HP[-3] MP[-4]
You now have 70 max hp (+11).
You lost 4 mp, and now have 10/14 mp.
There are monsters nearby!
The killer bee attacks as you move away!
The killer bee closely misses you.
You feel sick. The killer bee stings you. The killer bee misses you. 😮 HP[-4]
You take 4 damage, and now have 49/70 hp.
You feel sick.
The killer bee stings you but does no damage. 😮 HP[-1]
You take 1 damage, and now have 48/70 hp.
The killer bee attacks as you move away!
The killer bee barely misses you.
You feel sick.
You feel sick.
The killer bee stings you but does no damage. 😮 HP[-1]
You take 1 damage, and now have 47/70 hp.
You feel sick.
You are no longer poisoned.
The killer bee stings you! 😮 HP[-8] MP[+1]
You take 8 damage, and now have 39/70 hp.
The killer bee stings you but does no damage. 😮 HP[+1]
The killer bee stings you. 😮 HP[-1]
You take 1 damage, and now have 39/70 hp.
Casting: Ice Form (dangerous; 17% risk of failure)
Confirm with . or Enter, or press ? or * to list all spells.
Your blood is infused with primal strength.
The killer bee stings you. x2
* * * LOW HITPOINT WARNING * * *
😨 HP[-5] MP[-2]
You take 5 damage, and now have 34/70 hp.
You lost 2 mp, and now have 9/14 mp.
You closely miss the killer bee. The killer bee closely misses you. x2
You miss the killer bee. The killer bee misses you.
A hound comes into view.
The killer bee barely misses you.
You barely miss the killer bee.
The killer bee stings you but does no damage.
The killer bee barely misses you. 😨 HP[+1] MP[+1]
You barely miss the killer bee.
The killer bee stings you but does no damage.
The killer bee stings you.
* * * LOW HITPOINT WARNING * * *
😨 HP[-3]
You take 3 damage, and now have 32/70 hp.
You hit the killer bee. You freeze the killer bee.
The killer bee stings you but does no damage.
The killer bee barely misses you.
You punch the killer bee! You freeze the killer bee. The killer bee stings you!
* * * LOW HITPOINT WARNING * * *
😨 HP[-8]
You take 8 damage, and now have 24/70 hp.
You hit the killer bee. You freeze the killer bee.
You feel a bit better.
You kill the killer bee!
The killer bee closely misses you.
Your Ice Magic skill increases to level 4! 😨 HP[+2]
You regained 2 hp, and now have 26/70 hp.
You barely miss the killer bee. The killer bee stings you.
* * * LOW HITPOINT WARNING * * *
You are poisoned.
The killer bee poisons you!
The killer bee closely misses you. 😨 HP[-3]
You take 3 damage, and now have 23/70 hp.
You closely miss the killer bee.
You feel sick. The killer bee stings you!
* * * LOW HITPOINT WARNING * * *
The killer bee stings you.
* * * LOW HITPOINT WARNING * * *
😱 HP[-14]
You take 14 damage, and now have 9/70 hp.
You closely miss the killer bee.
You feel sick.
The killer bee stings you but does no damage.
The killer bee stings you.
* * * LOW HITPOINT WARNING * * *
😱 HP[-2] MP[+1]
You take 2 damage, and now have 7/70 hp.
You barely miss the killer bee.
You feel sick. The killer bee stings you!
You die...

Skill      XL: |  1  2  3  4  5  6  7  8 |
---------------+-------------------------+-----
Transmutations | 3 4 5 6 |  6.8
Poison Magic   | 1 2 |  2.0
Spellcasting   | 3 4 |  4.6
Ice Magic      | 2 3 4 |  4.0
Fighting       | |  1.1
Dodging        | |  1.7
Unarmed Combat | |  3.0

Action                     |  1- 3 |  4- 6 |  7- 9 || total
---------------------------+-------+-------+-------++-------
  Melee: Unarmed           |    98 |    66 |    61 ||   225
         Kick              |    20 |     7 |       ||    27
         Tailslap          |     7 |     1 |       ||     8
         Headbutt          |     6 |     4 |       ||    10
   Cast: Beastly Appendage |    30 |    11 |       ||    41
         Spider Form       |       |     7 |     6 ||    13
         Ice Form          |       |     1 |     3 ||     4
         Wereblood         |       |       |     1 ||     1
Ability: Breathe Acid      |       |       |     2 ||     2
  Evoke: Wand              |       |     3 |       ||     3
    Use: Scroll            |     6 |     4 |     3 ||    13
         Potion            |       |     2 |       ||     2
   Stab: Sleeping          |       |     2 |       ||     2
 Armour: Skin              |    22 |    11 |    16 ||    49
  Dodge: Dodged            |    68 |    40 |    45 ||   153

Levels and vault maps discovered:
D:1:      wander_arrival_lonely_grave, layout_basic
D:2:      layout_loops_corners, shapermc_ecumenical_altar_starsandcircs
D:3:      layout_basic, gammafunk_ghost_mausoleum
D:4:      layout_basic, nicolae_overflow_two_pavilions, temple_pool_b,
          serial_shops, shop, nicolae_shop_fire_sale [nicolae_sub_dead_trees]
D:5:      layout_loops_ring
D:6:      layout_cave_pods, item_on_display_a, uniq_blork_the_orc
Temple:   hellmonk_temple_divided_pantheon

Notes
Turn   | Place    | Note
-------+----------+-------------------------------------------
     0 | D:1      | kae the Draconian Transmuter began the quest for the Orb.
     0 | D:1      | Reached XP level 1. HP: 16/16 MP: 3/3
     0 | D:1      | magus.rc [v1.11.3]
   105 | D:1      | Reached XP level 2. HP: 21/23 MP: 3/5
   374 | D:1      | Reached skill level 3 in Transmutations
   447 | D:1      | Reached XP level 3. HP: 28/28 MP: 4/6
   663 | D:1      | Learned a level 2 spell: Wereblood
   667 | D:1      | Learned a level 3 spell: Spider Form
  1121 | D:2      | Found a faded altar of an unknown god.
  1683 | D:2      | Reached skill level 1 in Poison Magic
  2072 | D:3      | Found a transporter.
  2073 | D:3      | Noticed eyesofgods1's ghost (amateur DjFi)
  2085 | D:3      | Reached XP level 4. HP: 27/35 MP: 8/8
  2476 | D:3      | Identified the +0 cloak of the Five Defenders {Int+4
                  | Slay+2}
  2511 | D:3      | Found a transporter.
  2735 | D:3      | Identified the +6 ring mail of the Land of Plenty {rC++}
  2817 | D:4      | Found a stormy altar of Qazlal.
  2817 | D:4      | Found a hazy altar of Hepliaklqana.
  2876 | D:4      | HP: 6/35 [iguana (12)]
  2878 | D:4      | Reached skill level 2 in Poison Magic
  3000 | D:4      | Noticed a scorpion
  3004 | D:4      | Killed a scorpion
  3005 | D:4      | Reached skill level 3 in Spellcasting
  3005 | D:4      | Reached skill level 4 in Transmutations
  3005 | D:4      | Reached XP level 5. HP: 40/40 MP: 5/9
  3069 | D:4      | Noticed a phantom
  3079 | D:4      | Noticed an ogre
  3093 | D:4      | Killed a phantom
  3093 | D:4      | HP: 9/40 [sleepcap (5)]
  3102 | D:4      | HP: 6/40 [sleepcap (1)]
  3114 | D:4      | HP: 1/40 [ogre/+0 giant club (8)]
  3120 | D:4      | Killed an ogre
  3121 | D:4      | Reached skill level 5 in Transmutations
  3121 | D:4      | Reached XP level 6. HP: 3/47 MP: 11/11
  3294 | D:4      | Learned a level 4 spell: Ice Form
  3396 | D:4      | Found Niadetro's Fire Supplies.
  3529 | D:4      | You pick up a book of Conjurations and begin reading...
  3529 | D:4      | You add the spells Magic Dart, Searing Ray and Fulminant
                  | Prism to your library.
  3617 | D:4      | Found a staircase to the Ecumenical Temple.
  3639 | D:4      | Found Tynownic's Antique Armour Shop.
  3662 | D:4      | Identified the +5 flail "Wewoh Hastu" {holy, rF+ Will-
                  | Str+3}
  3917 | Temple   | Entered the Ecumenical Temple
  3917 | Temple   | Found a transporter.
  3917 | Temple   | Found a transporter.
  3919 | Temple   | Found a transporter.
  3919 | Temple   | Found a transporter.
  3947 | Temple   | Became a worshipper of Ru the Awakened
  4151 | D:5      | Entered Level 5 of the Dungeon
  4191 | D:5      | Reached skill level 1 in Ice Magic
  4237 | D:5      | Noticed an ice beast
  4250 | D:5      | Killed an ice beast
  4251 | D:5      | Reached skill level 4 in Spellcasting
  4251 | D:5      | Reached skill level 2 in Ice Magic
  4251 | D:5      | Your scales start taking on a golden yellow colour.
  4251 | D:5      | Reached XP level 7. HP: 52/52 MP: 8/13
  4251 | D:5      | Gained mutation: You are resistant to acid. (rCorr) [Yellow
                  | Draconian growth]
  4445 | D:5      | Reached skill level 6 in Transmutations
  5019 | D:6      | Reached skill level 3 in Ice Magic
  5300 | D:6      | Reached XP level 8. HP: 59/59 MP: 9/14
  5369 | D:6      | Reached skill level 4 in Ice Magic
  5370 | D:6      | HP: 14/70 [killer bee (7)]
  5372 | D:6      | HP: 6/70 [poisoned by a killer bee]
  5372 | D:6      | Slain by a killer bee

Vanquished Creatures
  2 ice beasts
  A black bear (D:6)
  A sky beast (D:6)
  2 ogres
  A phantom (D:4)
  A bullfrog (D:5)
  2 scorpions
  A killer bee (D:6)
  A sleepcap (D:4)
  An iguana (D:4)
  7 adders
  4 gnolls
  A white imp (D:5)
  An ufetubus (D:5)
  3 worms (D:2)
  3 orcs
  4 ball pythons
  5 endoplasms
  4 giant cockroaches
  2 goblins
  2 hobgoblins (D:1)
  5 quokkas
  4 bats
  2 frilled lizards
  4 kobolds
  9 rats
73 creatures vanquished.

Table legend:
 A = Non-vault XP
 B = Vault XP
 C = Vault XP percentage of total XP
 D = Non-vault monster count
 E = Vault monster count
 F = Vault count percentage of total count
                 A         B        C        D         E       F
            +---------+---------+-------+---------+---------+-------
      Total |    1525 |       0 |   0.0 |      73 |       0 |   0.0
            +---------+---------+-------+---------+---------+-------
        D:1 |      44 |       0 |   0.0 |      19 |       0 |   0.0
        D:2 |      46 |       0 |   0.0 |      15 |       0 |   0.0
        D:3 |      38 |       0 |   0.0 |      10 |       0 |   0.0
        D:4 |     413 |       0 |   0.0 |      12 |       0 |   0.0
        D:5 |     469 |       0 |   0.0 |       9 |       0 |   0.0
        D:6 |     515 |       0 |   0.0 |       8 |       0 |   0.0
            +---------+---------+-------+---------+---------+-------

Skill      XL: |  1  2  3  4  5  6  7  8 |
---------------+-------------------------+-----
Transmutations | 3 4 5 6 |  6.8
Poison Magic   | 1 2 |  2.0
Spellcasting   | 3 4 |  4.6
Ice Magic      | 2 3 4 |  4.0
Fighting       | |  1.1
Dodging        | |  1.7
Unarmed Combat | |  3.0

Action                     |  1- 3 |  4- 6 |  7- 9 || total
---------------------------+-------+-------+-------++-------
  Melee: Unarmed           |    98 |    66 |    61 ||   225
         Kick              |    20 |     7 |       ||    27
         Tailslap          |     7 |     1 |       ||     8
         Headbutt          |     6 |     4 |       ||    10
   Cast: Beastly Appendage |    30 |    11 |       ||    41
         Spider Form       |       |     7 |     6 ||    13
         Ice Form          |       |     1 |     3 ||     4
         Wereblood         |       |       |     1 ||     1
Ability: Breathe Acid      |       |       |     2 ||     2
  Evoke: Wand              |       |     3 |       ||     3
    Use: Scroll            |     6 |     4 |     3 ||    13
         Potion            |       |     2 |       ||     2
   Stab: Sleeping          |       |     2 |       ||     2
 Armour: Skin              |    22 |    11 |    16 ||    49
  Dodge: Dodged            |    68 |    40 |    45 ||   153

Illustrated notes

Table legend:
 A = Kills in this place as a percentage of kills in the entire game.
 B = Kills by you in this place as a percentage of kills by you in the entire game.
 C = Kills by friends in this place as a percentage of kills by friends in the entire game.
 D = Other kills in this place as a percentage of other kills in the entire game.
 E = Experience gained in this place as a percentage of experience gained in the entire game.
 F = Experience gained in this place divided by the number of levels of this place that you have seen.
                   A       B       C       D       E      F
               +-------+-------+-------+-------+-------+----------------------
         Total | 100.0 | 100.0 |   N/A |   N/A | 100.0 | 217.9
       Dungeon | 100.0 | 100.0 |   N/A |   N/A | 100.0 | 254.2
               +-------+-------+-------+-------+-------+----------------------

Table legend: (Time is in decaauts)
 A = Elapsed time spent in this place.
 B = Non-inter-level travel time spent in this place.
 C = Inter-level travel time spent in this place.
 D = Time resting spent in this place.
 E = Time spent auto-exploring this place.
 F = Levels seen in this place.
 G = Mean time per level.
                   A        B        C        D        E       F      G
               +--------+--------+--------+--------+--------+-----+--------+
         Total |   5360 |   5111 |    249 |     63 |   4290 |   7 |  765.7 |
       Dungeon |   5309 |   5068 |    241 |     63 |   4284 |   6 |  884.8 |
        Temple |     50 |     43 |      7 |      0 |      6 |   1 |   50.0 |
               +--------+--------+--------+--------+--------+-----+--------+

Top non-repeatable levels by time:
     D:4: 1154 daAuts
     D:1: 1096 daAuts
     D:2: 926 daAuts
     D:3: 915 daAuts
     D:5: 900 daAuts
     D:6: 317 daAuts
  Temple: 50 daAuts
